 Dungeon Crawl Stone Soup version 0.28.0-47-ge53b351184 (webtiles) character file.

Game seed: 10422262632105390366

204 NinjaNoafa the Protected (level 5, 0/51 HPs)
             Began as a Gnoll Wanderer on May 5, 2022.
             Was a Follower of Fedhas.
             Slain by a water moccasin skeleton (4 damage)
             ... on level 4 of the Dungeon.
             The game lasted 00:04:13 (2888 turns).

NinjaNoafa the Protected (Gnoll Wanderer)           Turns: 2888, Time: 00:04:14

Health: 0/51       AC: 14    Str: 12 (15) XL:     5   Next: 82%
Magic:  7/7        EV:  9    Int:  6 (9)  God:    Fedhas [*.....]
Gold:   170        SH:  3    Dex:  9 (12) Spells: 7/7 levels left

rFire   . . .      SeeInvis .   a - +1 falchion
rCold   . . .      Faith    .   i - +0 buckler
rNeg    . . .      Spirit   .   b - +3 scale mail
rPois   .          Reflect  .   (no helmet)
rElec   .          Harm     .   k - +0 cloak
rCorr   .          Rampage  .   (no gloves)
Will    .....                   c - +0 pair of boots
Stlth   ..........              (no amulet)
HPRegen 0.17/turn               (no ring)
MPRegen 0.10/turn               (no ring)

@: very slow
A: fangs 1, strong nose, distributed training
a: Renounce Religion


You were on level 4 of the Dungeon.
You worshipped Fedhas.
Fedhas was aware of your devotion.
You visited 1 branch of the dungeon, and saw 4 of its levels.

You collected 170 gold pieces.

Inventory:

Hand Weapons
 a - a +1 falchion (weapon)
Missiles
 d - a silver boomerang (quivered)
Armour
 b - a +3 scale mail (worn)
 c - a +0 pair of boots (worn)
 i - a +0 buckler (worn)
 k - a +0 cloak (worn)
Wands
 l - a wand of charming (11)
Scrolls
 f - a scroll of teleportation


   Skills:
 + Level 8.7 Fighting
 + Level 1.6 Short Blades
 + Level 3.1 Long Blades
 + Level 1.6 Axes
 + Level 1.6 Maces & Flails
 + Level 1.6 Polearms
 + Level 1.6 Staves
 + Level 1.6 Slings
 + Level 1.6 Bows
 + Level 1.6 Crossbows
 + Level 1.6 Throwing
 + Level 8.7 Armour
 + Level 1.6 Dodging
 + Level 1.6 Stealth
 + Level 1.6 Shields
 + Level 1.6 Unarmed Combat
 + Level 1.6 Spellcasting
 + Level 1.3 Conjurations
 + Level 1.3 Hexes
 + Level 1.3 Summonings
 + Level 1.3 Necromancy
 + Level 1.3 Translocations
 + Level 1.3 Transmutations
 + Level 1.3 Fire Magic
 + Level 1.3 Ice Magic
 + Level 1.3 Air Magic
 + Level 1.3 Earth Magic
 + Level 1.3 Poison Magic
 + Level 3.2 Invocations
 + Level 1.6 Evocations


You had 7 spell levels left.
You didn't know any spells.
Your spell library was empty.

Dungeon Overview and Level Annotations

Branches:
Dungeon (4/15)
 Temple: D:4-7

Altars:
Fedhas


Innate Abilities, Weirdness & Mutations

You have very sharp teeth.
Your uncanny sense of smell can sniff out nearby items.
Your experience applies equally to all skills.


Message History

Fedhas appreciates your contribution to the ecosystem.
You hear a splash. x2
The water moccasin skeleton bites you but does no damage.
You enter the shallow water.
Moving in this stuff is going to be slow.
The water moccasin skeleton bites you but does no damage.
Items here: ))) [[[ †††.
You barely miss the water moccasin skeleton.
The water moccasin skeleton is lightly damaged.
The water moccasin skeleton bites you but does no damage.
You closely miss the water moccasin skeleton.
The water moccasin skeleton is lightly damaged.
The water moccasin skeleton bites you but does no damage. x2
Your unstable footing causes you to fumble your attack.
The water moccasin skeleton bites you but does no damage.
Your unstable footing causes you to fumble your attack.
The water moccasin skeleton bites you but does no damage. x2
You hit the water moccasin skeleton.
The water moccasin skeleton is lightly damaged.
The water moccasin skeleton bites you but does no damage.
You slash the water moccasin skeleton!
The water moccasin skeleton is heavily damaged.
The water moccasin skeleton barely misses you. x2
You slash the water moccasin skeleton!
The water moccasin skeleton is heavily damaged.
The water moccasin skeleton bites you but does no damage.
You barely miss the water moccasin skeleton.
Your bite misses the water moccasin skeleton.
The water moccasin skeleton is heavily damaged.
You block the water moccasin skeleton's attack.
The water moccasin skeleton closely misses you.
You hit the water moccasin skeleton.
The water moccasin skeleton is severely damaged.
The water moccasin skeleton closely misses you.
You hit the water moccasin skeleton.
You bite the water moccasin skeleton, but do no damage.
The water moccasin skeleton is almost destroyed.
The water moccasin skeleton bites you.
You die...
Fedhas appreciates your contribution to the ecosystem.

♣≈..##
≈≈≈≈.≈≈≈≈≈.≈≈≈≈
≈≈≈..## .≈.≈≈.≈
≈≈..≈≈≈ ..≈≈..##
≈≈≈.≈≈ ≈≈≈≈≈≈
≈≈≈≈≈≈.... ♣≈.≈♣
♣≈≈≈♣ ≈≈♣♣♣≈≈### #
♣≈≈≈♣ ♣≈.≈♣ .≈ ♣≈.
#≈≈♣♣♣≈≈≈♣♣♣≈.≈♣♣♣≈≈
#≈≈≈≈≈≈≈≈≈≈≈≈≈≈≈≈≈≈.
.≈≈.≈≈.≈...Z@≈≈≈≈≈.≈
#.≈≈≈≈≈≈≈≈≈≈≈≈≈≈≈≈≈≈
#≈≈♣♣♣≈.≈♣♣♣≈≈≈♣♣♣≈≈
# ♣≈≈≈♣ ♣≈.≈♣ ♣≈≈≈♣
♣≈.≈♣ ≈≈≈.≈≈ ≈≈≈≈≈≈
≈≈...≈≈ .≈..≈≈.
≈≈≈≈.≈≈≈≈≈≈≈≈≈≈


You could see a water moccasin skeleton.

Vanquished Creatures
  An orc priest (D:3)
  2 orc wizards (D:4)
  3 adders
  2 worms (D:3)
  2 dart slugs
  6 orcs
  7 ball pythons
  7 endoplasms
  A giant cockroach (D:3)
  4 hobgoblins
  3 jackals (D:2)
  6 kobolds
  5 quokkas
  6 bats
  4 frilled lizards
  14 goblins
  7 rats
80 creatures vanquished.

Notes
Turn   | Place    | Note
-------+----------+-------------------------------------------
     0 | D:1      | NinjaNoafa the Gnoll Wanderer began the quest for the Orb.
     0 | D:1      | NinjaNoafa set off with the following items: a +1 falchion,
                  | a +2 scale mail
     0 | D:1      | Reached XP level 1. HP: 26/26 MP: 2/2
   343 | D:1      | Reached XP level 2. HP: 28/33 MP: 3/3
   676 | D:1      | Reached XP level 3. HP: 38/38 MP: 4/4
  1235 | D:2      | Reached skill level 1 in Short Blades
  1235 | D:2      | Reached skill level 1 in Axes
  1235 | D:2      | Reached skill level 1 in Maces & Flails
  1235 | D:2      | Reached skill level 1 in Polearms
  1235 | D:2      | Reached skill level 1 in Staves
  1235 | D:2      | Reached skill level 1 in Slings
  1235 | D:2      | Reached skill level 1 in Bows
  1235 | D:2      | Reached skill level 1 in Crossbows
  1235 | D:2      | Reached skill level 1 in Throwing
  1235 | D:2      | Reached skill level 1 in Dodging
  1235 | D:2      | Reached skill level 1 in Stealth
  1235 | D:2      | Reached skill level 1 in Shields
  1235 | D:2      | Reached skill level 1 in Unarmed Combat
  1235 | D:2      | Reached skill level 1 in Spellcasting
  1235 | D:2      | Reached skill level 1 in Evocations
  1235 | D:2      | Reached XP level 4. HP: 45/45 MP: 6/6
  1507 | D:2      | Found a blossoming altar of Fedhas.
  1736 | D:2      | Became a worshipper of Fedhas Madash
  2143 | D:3      | Reached skill level 1 in Conjurations
  2143 | D:3      | Reached skill level 1 in Hexes
  2143 | D:3      | Reached skill level 1 in Summonings
  2143 | D:3      | Reached skill level 1 in Necromancy
  2143 | D:3      | Reached skill level 1 in Translocations
  2143 | D:3      | Reached skill level 1 in Transmutations
  2143 | D:3      | Reached skill level 1 in Fire Magic
  2143 | D:3      | Reached skill level 1 in Ice Magic
  2143 | D:3      | Reached skill level 1 in Air Magic
  2143 | D:3      | Reached skill level 1 in Earth Magic
  2143 | D:3      | Reached skill level 1 in Poison Magic
  2421 | D:3      | Reached * piety under Fedhas
  2434 | D:3      | Reached XP level 5. HP: 12/51 MP: 7/7
  2874 | D:4      | HP: 1/51 [water moccasin skeleton (5)]
  2888 | D:4      | Slain by a water moccasin skeleton

Illustrated notes

Levels and vault maps discovered:
D:1:      dpeg_arrival_concentric_ovals, layout_basic, minivault_14,
          st_stairs_14
D:2:      layout_rooms, basic_altar, serial_aquarium, aquarium_bridge_square
          [aquarium_subvault_bridge, aquarium_subvault_wall,
          aquarium_subvault_bridge, aquarium_subvault_bridge],
          aquarium_bridge_square [aquarium_subvault_bridge,
          aquarium_subvault_bridge, aquarium_subvault_balcony,
          aquarium_subvault_window], aquarium_window_corridor_1,
          aquarium_window_fake, aquarium_view_2c
D:3:      layout_rooms, kennysheep_generic_room_3
D:4:      layout_loops_corners, mainiacjoe_overflow_small_starburst,
          kennysheep_boxes, uniq_pikel

Skill      XL: |  1  2  3  4  5 |
---------------+----------------+-----
Short Blades   | 1 |  1.6
Axes           | 1 |  1.6
Maces & Flails | 1 |  1.6
Polearms       | 1 |  1.6
Staves         | 1 |  1.6
Slings         | 1 |  1.6
Bows           | 1 |  1.6
Crossbows      | 1 |  1.6
Throwing       | 1 |  1.6
Dodging        | 1 |  1.6
Stealth        | 1 |  1.6
Shields        | 1 |  1.6
Unarmed Combat | 1 |  1.6
Spellcasting   | 1 |  1.6
Evocations     | 1 |  1.6
Conjurations   | 1 |  1.3
Hexes          | 1 |  1.3
Summonings     | 1 |  1.3
Necromancy     | 1 |  1.3
Translocations | 1 |  1.3
Transmutations | 1 |  1.3
Fire Magic     | 1 |  1.3
Ice Magic      | 1 |  1.3
Air Magic      | 1 |  1.3
Earth Magic    | 1 |  1.3
Poison Magic   | 1 |  1.3
Invocations    | 3 |  3.2
Long Blades    | 3 |  3.1
Fighting       | |  8.7
Armour         | |  8.7

Action                   |  1- 3 |  4- 6 || total
-------------------------+-------+-------++-------
Melee: Falchion          |   112 |   160 ||   272
       Bite              |     6 |    22 ||    28
       Punch             |     1 |       ||     1
  Use: Scroll            |       |     6 ||     6
       Potion            |       |     6 ||     6
Armor: Scale mail        |    71 |   135 ||   206
Dodge: Dodged            |    53 |   106 ||   159
Block: Buckler           |     5 |    33 ||    38
